 Dungeon Crawl Stone Soup version 0.31-a0-1522-g43313d8a59 (webtiles) character file.

Game seed: 4616713833633551917

114595 AlmostDecent the Severer (level 16, 0/127 HPs)
             Began as a Demonspawn Berserker on Dec 30, 2023.
             Was a High Priest of Trog.
             Hit by a large rock thrown by a stone giant (37 damage)
             ... on level 1 of the Depths on Dec 31, 2023.
             The game lasted 01:28:11 (21212 turns).

AlmostDecent the Severer (Demonspawn Berserker)    Turns: 21212, Time: 01:28:12

Health: 0/127      AC: 21    Str: 24    XL:     16   Next: 16%
Magic:  0/16       EV: 15    Int: 21    God:    Trog [*****.]
Gold:   799        SH:  5    Dex: 13    Spells: 15/15 levels left

rFire   + + +        R - +10 glaive "Killer Bee's Doom" {heavy, rC+ Int+5 Stlth+}
rCold   . . .        (shield currently unavailable)
rNeg    . . .        y - +3 salamander hide armour {Flames, rFlCloud rF++ rC--}
rPois   .            (no helmet)
rElec   .            p - +2 cloak {Stlth+}
rCorr   .            i - +1 pair of gloves
SInv    .            (boots unavailable)
Will    +++..        m - amulet "Quimatuck" {Reflect Int+2 Dex+4 SH+5}
Stlth   ++++++       z - ring "Qebyg" {rF++ rC+ Int+6 Dex-5}
HPRegen 1.41/turn    l - ring of flight
MPRegen 0.30/turn

%: reflection, guardian spirit
@: strong-willed, sanguine armoured, on berserk cooldown, flying, regenerating,
slowed, studying Unarmed Combat, very slow
A: hooves 3, ignite blood 2, magic shield, magic regeneration, sanguine armour 2
a: Renounce Religion, Berserk, Trog's Hand, Brothers in Arms


You were on level 1 of the Depths.
You worshipped Trog.
Trog was extremely pleased with you.
You visited 4 branches of the dungeon, and saw 23 of its levels.
You also visited: Gauntlet.

You collected 2084 gold pieces.
You spent 1285 gold pieces at shops.

Inventory:

Hand Weapons
 B - the +6 great mace "Rano Meli" {flame, *Rage Fly rF+ rN+ Int+2}
   (You found it on level 5 of the Lair of Beasts)

   Int+2:     It affects your intelligence (+2).
   rF+:       It protects you from fire.
   rN+:       It protects you from negative energy.
   Fly:       It grants you flight.
   *Rage:     It berserks you when you make melee attacks (+20% chance).
 C - the +7 flail "Yffo" {elec, rC+ Dex-3 Stlth+}
   (You bought it in a shop on level 9 of the Dungeon)

   Dex-3:     It affects your dexterity (-3).
   rC+:       It protects you from cold.
   Stlth+:    It makes you more stealthy.
 L - a +1 battleaxe of venom
 M - a +5 executioner's axe of protection
 N - a +2 war axe of venom
 P - the +3 executioner's axe "Xahimota" {flame, *Rage +Blink rC++}
   (Trog gifted it to you on level 13 of the Dungeon)

   rC++:      It greatly protects you from cold.
   +Blink:    It lets you blink.
   *Rage:     It berserks you when you make melee attacks (+20% chance).
 R - the +10 glaive "Killer Bee's Doom" (weapon) {heavy, rC+ Int+5 Stlth+}
   (You found it on level 13 of the Dungeon)

   Int+5:     It affects your intelligence (+5).
   rC+:       It protects you from cold.
   Stlth+:    It makes you more stealthy.
 V - the +7 rapier of Evil {vamp, rPois Str+4}
   (You found it on level 2 of the Lair of Beasts)

   Str+4:     It affects your strength (+4).
   rPois:     It protects you from poison
 Y - the +7 falchion of Tortfeasance {chaos, rF++ rC+ Dex+3 Stlth+}
   (You found it on level 5 of the Lair of Beasts)

   Dex+3:     It affects your dexterity (+3).
   rF++:      It greatly protects you from fire.
   rC+:       It protects you from cold.
   Stlth+:    It makes you more stealthy.
Missiles
 b - 18 boomerangs
 F - 6 silver javelins
Armour
 i - a +1 pair of gloves (worn)
 p - a +2 cloak of stealth (worn)
 y - the +3 salamander hide armour (worn) {Flames, rFlCloud rF++ rC--}
   (You found it on level 5 of the Dungeon)

   Flames:    It surrounds you with flame clouds and enhances your fire magic.
   rFlCloud:  It grants immunity to flame clouds.
   rF++:      It greatly protects you from fire.
   rC--:      It makes you very vulnerable to cold.
 A - +0 pearl dragon scales
 O - a +2 leather armour of cold resistance
Jewellery
 l - a ring of flight (right hand)
 m - the amulet "Quimatuck" (around neck) {Reflect Int+2 Dex+4 SH+5}
   (You bought it in a shop on level 2 of the Dungeon)

   [amulet of reflection]

   Reflect:   It reflects blocked missile attacks.
   Int+2:     It affects your intelligence (+2).
   Dex+4:     It affects your dexterity (+4).
   SH+5:      It affects your SH (+5).
 q - a +4 ring of protection
 r - a +5 ring of evasion
 v - an amulet of the acrobat
 z - the ring "Qebyg" (left hand) {rF++ rC+ Int+6 Dex-5}
   (You found it on level 5 of the Dungeon)

   [ring of intelligence]

   Int+6:     It affects your intelligence (+6).
   Dex-5:     It affects your dexterity (-5).
   rF++:      It greatly protects you from fire.
   rC+:       It protects you from cold.
 Q - an amulet of reflection
Wands
 k - a wand of iceblast (11)
 u - a wand of acid (16)
 w - a wand of mindburst (8)
 J - a wand of charming (17)
 S - a wand of flame (10)
 W - a wand of polymorph (2)
Scrolls
 a - a scroll of fog
 c - a scroll of summoning
 f - 3 scrolls of enchant weapon
 g - a scroll of immolation
 h - 3 scrolls of revelation
 n - 4 scrolls of fear
 o - 3 scrolls of identify
 E - a scroll of enchant armour
 G - 7 scrolls of teleportation
 K - a scroll of poison
 X - a scroll of vulnerability
Potions
 d - 2 potions of berserk rage
 e - 2 potions of enlightenment
 j - 3 potions of ambrosia
 s - 4 potions of attraction
 t - a potion of invisibility
 x - 6 potions of curing
 D - 2 potions of mutation
 H - 5 potions of might
 I - 3 potions of heal wounds
 T - 2 potions of resistance
 U - a potion of haste


   Skills:
 + Level 11.9 Fighting
 * Level 16.7(18.7) Axes
 + Level 10.2(14.6) Maces & Flails
 + Level 10.3(14.7) Polearms
 + Level 7.0 Armour
 + Level 7.9 Dodging
 + Level 8.1 Stealth
 + Level 1.8 Shields
 + Level 0.8 Unarmed Combat


You had 15 spell levels left.
You didn't know any spells.
Your spell library was empty.

Dungeon Overview and Level Annotations

Branches:
Dungeon (15/15)            Temple (0/1) D:6            Lair (5/5) D:11
 Shoals (0/4) Lair:2       Spider (0/4) Lair:2        Slime (0/5) Lair:5
    Orc (2/2) D:10            Elf (0/3) Orc:2        Vaults (0/5) D:13
 Depths (1/4) D:15        Gauntlet (visited)

Altars:
Ashenzari
Fedhas
Gozag
Kikubaaqudgha
Okawaru
Qazlal
Ru
Trog
Xom
Yredelemnul
Jiyva
Lugonu

Shops:
D:2 ==*   D:3 =   D:9 ([!   D:12 *   Orc:1 (:   Orc:2 ?!!!

Portals:
Abyss: Lair:5
Pandemonium: Depths:1


Innate Abilities, Weirdness & Mutations

You have hooves in place of feet.
Your demonic aura often causes spilled blood to erupt in flames.
When hurt, damage is shared between your health and your magic reserves.
You regenerate magic rapidly.
When seriously injured, your blood forms thick armour. (AC +9)


Message History

You hear a grinding noise.
The white ugly thing is engulfed in blazing flames.
You kill the white ugly thing!
Trog accepts your kill.
Found a potion of curing.
Reach: R) +10 glaive "Killer Bee's Doom" {heavy, rC+ Int+5 Stlth+}
Press: ? - help, Dir - move target, f/p - Bai Suzhen
Aim: Bai Suzhen (severely wounded, surrounded by thunder, catching her breath, about 13% to evade the +10 glaive "Killer Bee's Doom")
You slice Bai Suzhen like a ripe choko!!!
Bai Suzhen is almost dead.
The eight-headed hydra is engulfed in blazing flames.
You hear a grinding noise.
The eight-headed hydra is engulfed in a thunderstorm.
The eight-headed hydra dies!
The eight-headed hydra's corpse disappears in a puff of smoke!
Bai Suzhen is engulfed in blazing flames.
You kill Bai Suzhen!
Trog accepts your kill. Trog grants you a weapon! Something appears before you!
You hear a splash.
You see here a +2 heavy battleaxe.
You hear a splash.
The storm dragon scales {Bai Suzhen} are intact enough to wear.
Your Armour skill increases to level 7!
Found a one-way gate leading to the halls of Pandemonium.
A cacodemon comes into view.
Okay, then.
You feel a strong urge to attack something.
You are no longer berserk.
You are exhausted.
You feel yourself slow down.
The white ugly thing basks in the mutagenic energy from its kin and changes!
The stone giant throws a large rock.
The large rock hits you!!
* * * LOW HITPOINT WARNING * * *
The stone giant throws a large rock.
The large rock hits you!!!
* * * LOW HITPOINT WARNING * * *
You feel much better.
The stone giant throws a large rock.
The large rock hits you!!!
You die...

#.##.####.#∩...+## #........
#..<......##.....###........
#.#######....2....u.........
#.# ###...~)#...u..D.. #.#
#(#.#u#......... #.#
#...~)#.........
###'##############..#.........
#............#####..Cu........
#............+.☼@☼°°#......u..
#............#####○##...≈≈uu..
#..).........# #.###.#≈≈..≈≈
#............# ###.# #.#.≈...u
#............###...# .
#............'....##
#............###.##
#............# #.#
#............# #.#


You could see a stone giant and a white ugly thing.

Vanquished Creatures
  Bai Suzhen (Depths:1)
  Gastronok (D:9)
  A minotaur (Gauntlet)
  Snorg (Lair:5)
  An ettin (Orc:1)
  Josephine (Lair:4)
  A rakshasa (D:15)
  3 hydras
  Harold (D:11)
  3 vault guards (D:13)
  A hell beast (Gauntlet)
  4 centaur warriors
  9 two-headed ogres
  2 ogre magi (Orc:2)
  A boulder beetle (D:13)
  5 tengu warriors
  Urug (Lair:2)
  5 death yaks (Lair:4)
  3 orc high priests (Orc:2)
  4 thrashing horrors (Lair:5)
  Sonja (Lair:2)
  A fire crab (Gauntlet)
  A deep elf knight (D:13)
  13 skeletal warriors
  A flayed ghost (D:13)
  A sea snake (shapeshifter) (Lair:5)
  3 arcanists
  A necromancer (D:15)
  A wolf spider zombie (D:15)
  7 orc knights
  A deep elf zephyrmancer (D:15)
  13 ugly things
  A large abomination (Lair:5)
  3 deep elf pyromancers
  4 orc sorcerers
  3 cyclopes
  Maurice (D:9)
  2 manticores
  13 elephants
  Joseph (D:9)
  2 centaur zombies (D:15)
  4 kobold blastminers
  4 black mambas
  2 smoke demons (Lair:5)
  11 cane toads
  A centaur skeleton (D:15)
  2 gargoyles (D:13)
  2 rime drakes
  An unseen horror (D:10)
  7 komodo dragons
  A yaktaur (D:13)
  2 efreet
  2 tengu conjurers (D:15)
  7 trolls
  2 polar bears
  2 raiju
  Prince Ribbit (D:6)
  5 dream sheep (Lair:5)
  31 blink frogs
  A snapping turtle (Lair:2)
  4 slime creatures (D:14)
  9 wraiths
  A centaur simulacrum (D:15)
  A vampire (D:13)
  3 shadows
  A ynoxinul (Lair:5)
  A spriggan (Lair:5)
  A water elemental (Lair:2)
  7 wyverns
  61 yaks
  7 fire bats
  4 wargs
  9 basilisks
  10 vampire mosquitoes
  A chaos spawn (Lair:5)
  4 acid dragons
  An acid dragon (shapeshifter) (D:9)
  13 water moccasins
  Duvessa (D:6)
  20 orc warriors
  2 ice beasts
  7 small abominations (Lair:5)
  6 ogres
  A crocodile (shapeshifter) (Lair:5)
  9 wolves
  8 centaurs
  2 kobold brigands
  A phantom (D:4)
  2 scorpions (D:6)
  14 bullfrogs
  A gnoll sergeant (D:8)
  3 necrophages (D:6)
  A wyvern zombie (D:6)
  Dowan (D:6)
  9 wights (D:9)
  3 killer bees (D:9)
  5 howler monkeys
  4 bombardier beetles (D:5)
  3 hounds
  14 jellies (Lair:5)
  A gnoll bouda (D:7)
  18 orc priests
  Crazy Yiuf (D:2)
  A sleepcap (D:6)
  Terence (D:3)
  8 iguanas
  18 orc wizards
  2 killer bee zombies (D:6)
  The ghost of bungle the Covert, a weakling GnDe (D:6)
  7 adders
  9 river rats (D:6)
  11 gnolls
  A ribbon worm (D:5)
  4 white imps
  A howler monkey simulacrum (D:10)
  2 ufetubi (D:6)
  4 dart slugs
  64 orcs
  3 ball pythons
  9 endoplasms
  4 giant cockroaches
  8 goblins
  7 hobgoblins
  12 kobolds
  6 quokkas
  10 bats
  6 frilled lizards
  22 rats
707 creatures vanquished.

Vanquished Creatures (collateral kills)
  The ghost of whatisthis the Spear-Bearer, a journeyman GnRe of Nemelex Xobeh (Lair:5)
  A hydra (Lair:5)
  2 boulder beetles (Lair:5)
  An orc high priest (Orc:1)
  A black mamba (Lair:5)
  A cane toad (Lair:5)
  A rime drake (Lair:5)
  2 water moccasins (Lair:5)
  An orc priest (Orc:2)
  2 orcs (Orc:1)
13 creatures vanquished.

Vanquished Creatures (others)
  An orc wizard (D:9)
1 creature vanquished.

Grand Total: 721 creatures vanquished

Notes
Turn   | Place    | Note
-------+----------+-------------------------------------------
     0 | D:1      | AlmostDecent the Demonspawn Berserker began the quest for
                  | the Orb.
     0 | D:1      | Reached XP level 1. HP: 18/18 MP: 1/1
   269 | D:1      | Reached skill level 3 in Axes
   269 | D:1      | Gained mutation: When seriously injured, your blood forms
                  | armour. (AC +9) [demonic ancestry]
   269 | D:1      | Reached XP level 2. HP: 23/24 MP: 2/2
   881 | D:2      | Gained mutation: When seriously injured, your blood forms
                  | thick armour. (AC +9) [demonic ancestry]
   881 | D:2      | Reached XP level 3. HP: 29/29 MP: 3/3
   955 | D:2      | Found Miydetz's General Store.
   964 | D:2      | Bought a scroll of identify for 26 gold pieces
   964 | D:2      | Bought a scroll of teleportation for 39 gold pieces
   964 | D:2      | Bought a +0 cloak for 58 gold pieces
  1189 | D:2      | Reached ** piety under Trog
  1252 | D:2      | Found Namyw's Jewellery Boutique.
  1279 | D:2      | Found a runed translucent door.
  1280 | D:2      | Noticed Crazy Yiuf
  1291 | D:2      | Killed Crazy Yiuf
  1292 | D:2      | Reached skill level 4 in Axes
  1292 | D:2      | Reached XP level 4. HP: 26/35 MP: 4/4
  1404 | D:2      | Found Icrus's Jewellery Shoppe.
  1598 | D:3      | Noticed Terence
  1609 | D:3      | Killed Terence
  1894 | D:3      | Found Mommal's Jewellery Shop.
  2159 | D:3      | Found a broken altar of Ashenzari.
  2398 | D:4      | Noticed a phantom
  2399 | D:4      | Noticed an ice beast
  2410 | D:4      | Killed a phantom
  2411 | D:4      | Reached skill level 5 in Axes
  2411 | D:4      | Gained mutation: You regenerate magic rapidly. [demonic
                  | ancestry]
  2411 | D:4      | Reached XP level 5. HP: 41/41 MP: 5/5
  2419 | D:4      | Killed an ice beast
  2420 | D:4      | Reached XP level 6. HP: 38/48 MP: 6/6
  2796 | D:4      | Reached skill level 6 in Axes
  2989 | D:5      | Entered Level 5 of the Dungeon
  3122 | D:5      | Found the +3 salamander hide armour {Flames, rFlCloud rF++
                  | rC--}
  3265 | D:5      | Reached XP level 7. HP: 54/54 MP: 7/7
  3286 | D:5      | Identified the ring "Qebyg" {rF++ rC+ Int+6 Dex-5}
  3398 | D:5      | Reached *** piety under Trog
  3405 | D:5      | Reached skill level 7 in Axes
  3405 | D:5      | Reached skill level 1 in Stealth
  3769 | D:6      | Found a staircase to the Ecumenical Temple.
  3839 | D:6      | Found a bloodstained altar of Trog.
  3847 | D:6      | Gained mutation: When hurt, damage is shared between your
                  | health and your magic reserves. [demonic ancestry]
  3847 | D:6      | Reached XP level 8. HP: 59/61 MP: 8/8
  3951 | D:6      | Noticed Dowan
  3960 | D:6      | Noticed Duvessa
  3966 | D:6      | Killed Duvessa
  3968 | D:6      | Killed Dowan
  3971 | D:6      | Reached skill level 8 in Axes
  3971 | D:6      | Reached **** piety under Trog
  4101 | D:6      | Noticed Prince Ribbit
  4107 | D:6      | Killed Prince Ribbit
  4332 | D:6      | Found a runed translucent door.
  4332 | D:6      | Noticed bungle's ghost (weakling GnDe)
  4332 | D:6      | Noticed a boulder beetle
  4348 | D:6      | Killed bungle's ghost
  4697 | D:6      | Found a blossoming altar of Fedhas.
  4714 | D:6      | Reached skill level 5 in Fighting
  4719 | D:6      | Reached skill level 9 in Axes
  4719 | D:6      | Reached XP level 9. HP: 68/68 MP: 9/9
  5113 | D:7      | Identified the staff of Dismay {*Slow rF++ rC+ Will+ Conj}
  5406 | D:8      | Reached skill level 10 in Axes
  5735 | D:8      | Found a shimmering altar of Xom.
  6163 | D:9      | Reached skill level 5 in Armour
  6203 | D:9      | Noticed an efreet
  6203 | D:9      | Noticed a troll
  6210 | D:9      | Killed an efreet
  6211 | D:9      | Gained mutation: Your demonic aura sometimes causes spilled
                  | blood to erupt in flames. [demonic ancestry]
  6211 | D:9      | Reached XP level 10. HP: 48/76 MP: 6/10
  6212 | D:9      | Noticed an arcanist
  6221 | D:9      | Killed an arcanist
  6222 | D:9      | Reached skill level 11 in Axes
  6324 | D:9      | Found an ancient bone altar of Kikubaaqudgha.
  6326 | D:9      | Noticed Maurice
  6336 | D:9      | Maurice stole an amulet of magic regeneration
  6341 | D:9      | Killed Maurice
  6399 | D:9      | Reached skill level 5 in Stealth
  6406 | D:9      | Reached ***** piety under Trog
  6660 | D:9      | Found Ohu Ycywk's Antique Weapon Emporium.
  6664 | D:9      | Noticed Joseph
  6669 | D:9      | Killed Joseph
  6670 | D:9      | Reached skill level 12 in Axes
  6697 | D:9      | Bought an ivory flail for 246 gold pieces
  6697 | D:9      | Identified the +7 flail "Yffo" {elec, rC+ Dex-3 Stlth+}
                  | (You bought it in a shop on level 9 of the Dungeon)
  6909 | D:9      | Gained mutation: Your demonic aura often causes spilled
                  | blood to erupt in flames. [demonic ancestry]
  6909 | D:9      | Reached XP level 11. HP: 80/83 MP: 11/11
  6951 | D:9      | Reached skill level 1 in Maces & Flails
  6961 | D:9      | Found Tiwe's Distillery.
  6969 | D:9      | Bought a potion of heal wounds for 70 gold pieces
  6969 | D:9      | Bought a potion of heal wounds for 70 gold pieces
  6969 | D:9      | Bought a potion of might for 56 gold pieces
  6986 | D:9      | Found Poughoet's Armour Shop.
  7031 | D:9      | Noticed Gastronok
  7041 | D:9      | Killed Gastronok
  7217 | D:10     | Entered Level 10 of the Dungeon
  7217 | D:10     | Found a staircase to the Orcish Mines.
  7238 | D:10     | Received a gift from Trog
  7390 | D:10     | Noticed a brown ugly thing
  7398 | D:10     | Killed a brown ugly thing
  7556 | D:10     | Noticed a two-headed ogre
  7565 | D:10     | Killed a two-headed ogre
  7681 | D:10     | Noticed a centaur warrior
  7688 | D:10     | Killed a centaur warrior
  7689 | D:10     | Reached skill level 13 in Axes
  7689 | D:10     | Reached skill level 5 in Maces & Flails
  7738 | D:10     | Noticed a two-headed ogre
  7745 | D:10     | Killed a two-headed ogre
  7771 | D:10     | Found an opulent altar of Gozag.
  8270 | D:11     | Found a staircase to the Lair.
  8327 | D:11     | Gained mutation: You have large cloven feet. [demonic
                  | ancestry]
  8327 | D:11     | Reached XP level 12. HP: 92/92 MP: 12/12
  8699 | D:11     | Noticed Harold
  8707 | D:11     | Killed Harold
  8708 | D:11     | Reached skill level 5 in Dodging
  9082 | D:12     | Found Qeuhag's Assorted Antiques.
  9093 | D:12     | Noticed a two-headed ogre
  9100 | D:12     | Killed a two-headed ogre
  9682 | D:13     | Noticed a tengu warrior
  9684 | D:13     | Noticed a tengu warrior
  9699 | D:13     | Killed a tengu warrior
  9699 | D:13     | Killed a tengu warrior
  9751 | D:13     | Noticed a boulder beetle
  9761 | D:13     | Killed a boulder beetle
 10075 | D:13     | Noticed a vault guard
 10092 | D:13     | Killed a vault guard
 10200 | D:13     | Found a gate to the Vaults.
 10200 | D:13     | Noticed a vault guard
 10210 | D:13     | Gained mutation: You have hoof-like feet. [demonic
                  | ancestry]
 10210 | D:13     | Reached XP level 13. HP: 61/100 MP: 8/13
 10737 | D:13     | Found a runed translucent door.
 10759 | D:13     | Found a basalt altar of Yredelemnul.
 10776 | D:13     | Found a stormy altar of Qazlal.
 10783 | D:13     | Found a shimmering altar of Xom.
 10818 | D:13     | Found a broken altar of Ashenzari.
 10828 | D:13     | Found an iron altar of Okawaru.
 10886 | D:13     | Found a sacrificial altar of Ru.
 10888 | D:13     | Identified the +3 executioner's axe "Xahimota" {flame,
                  | *Rage +Blink rC++} (Trog gifted it to you on level 13 of
                  | the Dungeon)
 10888 | D:13     | Received a gift from Trog
 11004 | D:13     | Identified the +10 glaive "Killer Bee's Doom" {heavy, rC+
                  | Int+5 Stlth+}
 11068 | D:14     | Reached skill level 14 in Axes
 11139 | D:14     | Reached skill level 10 in Maces & Flails
 11139 | D:14     | Reached skill level 1 in Polearms
 11933 | Lair:1   | Entered Level 1 of the Lair of Beasts
 13090 | Lair:2   | Identified the +7 rapier of Evil {vamp, rPois Str+4}
 13123 | Lair:2   | Noticed Urug
 13137 | Lair:2   | Killed Urug
 13425 | Lair:2   | Found a hole to the Spider Nest.
 13648 | Lair:2   | Noticed Sonja
 13658 | Lair:2   | Killed Sonja
 13659 | Lair:2   | Reached XP level 14. HP: 88/109 MP: 10/14
 13837 | Lair:2   | Reached skill level 5 in Polearms
 13880 | Lair:2   | Found a staircase to the Shoals.
 14264 | Lair:3   | Reached skill level 10 in Fighting
 14962 | Lair:4   | Noticed Josephine
 14966 | Lair:4   | Killed Josephine
 15156 | Lair:4   | Reached ****** piety under Trog
 15789 | Lair:5   | Entered Level 5 of the Lair of Beasts
 15798 | Lair:5   | Received a gift from Trog
 15893 | Lair:5   | Noticed whatisthis's ghost (journeyman GnRe)
 15905 | Lair:5   | Found a runed translucent gate.
 15905 | Lair:5   | Found a runed translucent gate.
 15905 | Lair:5   | Found a runed translucent gate.
 15924 | Lair:5   | Killed whatisthis's ghost
 15928 | Lair:5   | Noticed Snorg
 15935 | Lair:5   | Killed Snorg
 16083 | Lair:5   | Identified the +6 great mace "Rano Meli" {flame, *Rage Fly
                  | rF+ rN+ Int+2}
 16095 | Lair:5   | Reached skill level 15 in Axes
 16325 | Lair:5   | Found a viscous altar of Jiyva.
 16326 | Lair:5   | Found a staircase to the Slime Pits.
 16444 | Lair:5   | Gained mutation: You have hooves in place of feet. [demonic
                  | ancestry]
 16444 | Lair:5   | Reached XP level 15. HP: 118/118 MP: 15/15
 16676 | Lair:5   | Received a gift from Trog
 17009 | Lair:5   | Identified the +7 falchion of Tortfeasance {chaos, rF++ rC+
                  | Dex+3 Stlth+}
 17081 | Lair:5   | Found a corrupted altar of Lugonu.
 17081 | Lair:5   | Found a one-way gate to the infinite horrors of the Abyss.
 17099 | Lair:5   | Identified the +6 hand axe of the Fray {freeze, rPois rF+}
 17630 | D:2      | Bought the amulet "Quimatuck" {Reflect Int+2 Dex+4 SH+5}
                  | for 694 gold pieces
 17827 | Orc:1    | Entered Level 1 of the Orcish Mines
 17849 | Orc:1    | Reached skill level 16 in Axes
 17958 | Orc:1    | Found Zatriqik's Weapon Emporium.
 17993 | Orc:1    | Found Rotigar's Self-Improvement Boutique.
 18478 | Orc:1    | Upgraded the game from 0.31-a0-1499-ge0622b2318 to
                  | 0.31-a0-1522-g43313d8a59
 18512 | Orc:2    | Entered Level 2 of the Orcish Mines
 18986 | Orc:2    | Found Plog's Distillery.
 18986 | Orc:2    | Found Arou's Magic Scroll Shop.
 18993 | Orc:2    | Found Fada's Distillery.
 18993 | Orc:2    | Found Lapt's Distillery.
 19004 | Orc:2    | Bought a scroll of identify for 26 gold pieces
 19139 | Orc:2    | Received a gift from Trog
 19201 | Orc:2    | Found a staircase to the Elven Halls.
 19477 | D:15     | Entered Level 15 of the Dungeon
 19490 | D:15     | Reached skill level 1 in Shields
 19763 | D:15     | Found a gate leading to a gauntlet.
 19771 | Gauntlet | Entered a Gauntlet
 19771 | Gauntlet | Found a transporter.
 19777 | Gauntlet | Found a transporter.
 19781 | Gauntlet | Found a transporter.
 19792 | Gauntlet | Found a transporter.
 19793 | Gauntlet | Found a transporter.
 19799 | Gauntlet | Found a transporter.
 19807 | Gauntlet | Found a transporter.
 19811 | Gauntlet | Found a transporter.
 19817 | Gauntlet | Found a transporter.
 19826 | Gauntlet | Found a transporter.
 19829 | Gauntlet | Found a transporter.
 19835 | Gauntlet | Found a transporter.
 19843 | Gauntlet | Found a transporter.
 19902 | Gauntlet | Found a transporter.
 19954 | Gauntlet | Identified the +3 robe "Xyodwogg" {rF+}
 20152 | Gauntlet | Identified the +1 scale mail "Onirch" {-Cast +Inv rPois
                  | Will+}
 20480 | D:15     | Reached XP level 16. HP: 80/124 MP: 10/16
 20524 | D:15     | Reached skill level 10 in Polearms
 20660 | D:15     | Found a staircase to the Depths.
 21139 | Depths:1 | Entered Level 1 of the Depths
 21184 | Depths:1 | Noticed Bai Suzhen
 21206 | Depths:1 | Killed Bai Suzhen
 21206 | Depths:1 | Received a gift from Trog
 21206 | Depths:1 | Found a one-way gate leading to the halls of Pandemonium.
 21212 | Depths:1 | Hit by a large rock thrown by a stone giant

Illustrated notes

Levels and vault maps discovered:
D:1:      minmay_arrival_cross, layout_loops_ring, st_stairs_5,
          serial_bayou_pond_c
D:2:      layout_rooms, serial_shops, nicolae_shop_crystal, shop_fountains,
          shop, grunt_decor_junction, uniq_crazy_yiuf_cottage
D:3:      layout_loops_corners, mainiacjoe_overflow_six_doors_small,
          serial_shops, shop, uniq_terence
D:4:      layout_cave_pools, mainiacjoe_overflow_surrounded_room, serial_bayou,
          serial_bayou_lagoon_a, serial_bayou_pond_d, serial_bayou_lagoon_b,
          serial_bayou_pond_e
D:5:      layout_loops_ring, serial_bayou, serial_bayou_pond_a,
          serial_bayou_pond_b, serial_bayou_pond_b, serial_bayou_shore_b,
          serial_bayou_pond_d
D:6:      lemuel_ratsnest, layout_basic, trog_butcher_becter,
          fedhas_altar_decomposition, minmay_temple_entry_slanted,
          ebering_ghost_inner_flame, feat_on_display, uniq_duvessa,
          uniq_prince_ribbit1
D:7:      layout_loops_ring, tso_altar, minmay_misc_feat_tower
D:8:      layout_layer_cave, kennysheep_mini_moat
D:9:      minmay_bloctagon_deflated, layout_irregular_city,
          mainiacjoe_overflow_cross_hatched, serial_shops,
          nicolae_shop_peninsula, shop, shop, uniq_gastronok, uniq_maurice,
          uniq_joseph
D:10:     nzn_winding_woodlands_three_and_one
          [nzn_winding_woodlands_5x15_concentric,
          nzn_winding_woodlands_5x15_pathside_ponds,
          nzn_winding_woodlands_5x15_garden,
          nzn_winding_woodlands_center_diamonds], layout_irregular_city,
          nicolae_gozag_seed_capital, overflow_temple_1_default, david_orc_3,
          grunt_ministairs_10
D:11:     layout_basic, david_lair_generic, amcnicky_mini_rare_corridor_liquid,
          grunt_decor_mini_mirrors, uniq_harold
D:12:     layout_basic, serial_shops, shop
D:13:     due_megacathedral, layout_small_grid, grunt_vaults_entry_fortified,
          chequers_mini_garden
D:14:     layout_long_grid, special_room [special_room_orc]
D:15:     grunt_enter_depths_magical_seal, layout_loops_ring,
          gauntlet_entry_generic
Lair:1:   layout_layer_cave
Lair:2:   layout_cave_pods, minmay_shoals_entry_hut,
          spider_nest_entry_web_field, uniq_sonja, uniq_urug
Lair:3:   layout_loops_ring, infiniplex_staircase_pool_2, grunt_megastairs_2
Lair:4:   layout_regular_city, lemuel_fruit_tree, uniq_josephine
Lair:5:   hellmonk_lair_end_abyssal_woods, layout_hall_layers,
          minmay_slime_entry_jelly_boxes, gammafunk_ghost_split, uniq_snorg
Orc:1:    layout_diamond_mine, serial_shops, nicolae_shop_mannequins,
          nicolae_shop_self_help
Orc:2:    grunt_orc_tribal_feast, layout_diamond_mine
Depths:1: layout_gridlike, hangedman_abyss_entry_splay,
          pf_vacation_house_of_asmodeus, grunt_decor_one_mirror,
          rand_demon_pan_entry_7, enter_trove_0, minivault_10,
          nicolae_uskayaw_suspiria, uniq_bai_suzhen

Skill      XL: |  1  2  3  4  5  6  7  8  9 10 11 12 13 14 15 16 |
---------------+-------------------------------------------------+-----
Axes           | 3 4 5 6 7 9 10 12 13 14 15 16 | 16.7
Armour         | 2 3 4 5 6 7 |  7.0
Dodging        | 2 3 4 6 7 |  7.9
Fighting       | 4 5 6 7 8 9 11 | 11.9
Stealth        | 1 2 4 5 6 7 8 |  8.1
Maces & Flails | 6 8 10 | 10.2
Polearms       | 4 8 9 10 | 10.3
Shields        | 1 |  1.8
Unarmed Combat | |  0.8

Action                     |  1- 3 |  4- 6 |  7- 9 | 10-12 | 13-15 | 16-18 || total
---------------------------+-------+-------+-------+-------+-------+-------++-------
  Melee: Hand axe          |   119 |   134 |    16 |       |       |       ||   269
         Punch             |       |     5 |     2 |     4 |       |       ||    11
         War axe           |       |       |    77 |    34 |       |       ||   111
         Flail             |       |       |       |   176 |    51 |       ||   227
         Glaive            |       |       |       |       |   356 |    30 ||   386
         Unarmed           |       |       |       |       |     8 |       ||     8
         Executioner's axe |       |       |       |       |   133 |       ||   133
         Kick              |       |       |       |       |    46 |     6 ||    52
         Great mace        |       |       |       |       |    12 |       ||    12
 Invoke: Berserk           |     2 |     3 |     1 |     9 |     8 |     2 ||    25
         Trog's Hand       |       |     1 |       |     3 |     4 |     2 ||    10
         Brothers in Arms  |       |       |       |       |     4 |     1 ||     5
    Use: Scroll            |     4 |     2 |     3 |    12 |     7 |       ||    28
         Potion            |       |       |     2 |       |     3 |     1 ||     6
   Stab: Distracted        |       |     1 |     2 |       |     7 |       ||    10
         Sleeping          |       |       |     2 |       |    18 |     1 ||    21
 Armour: Animal skin       |    11 |       |       |       |       |       ||    11
         Leather armour    |     3 |       |    49 |   151 |   387 |    41 ||   631
         Chain mail        |    44 |   103 |       |       |       |       ||   147
         Skin              |       |       |       |       |     3 |       ||     3
  Dodge: Dodged            |    45 |    37 |    55 |   130 |   360 |    31 ||   658
  Block: Other             |       |       |       |       |    33 |     5 ||    38
         Reflection        |       |       |       |       |     2 |       ||     2

Table legend: (Time is in decaauts)
 A = Elapsed time spent in this place.
 B = Non-inter-level travel time spent in this place.
 C = Inter-level travel time spent in this place.
 D = Time resting spent in this place.
 E = Time spent auto-exploring this place.
 F = Levels seen in this place.
 G = Mean time per level.
                   A        B        C        D        E       F      G
               +--------+--------+--------+--------+--------+-----+--------+
         Total |  21773 |  20225 |   1548 |    726 |  15071 |  24 |  907.2 |
       Dungeon |  13918 |  12736 |   1182 |    272 |  10045 |  15 |  927.9 |
          Lair |   5728 |   5459 |    269 |    158 |   4285 |   5 | 1145.6 |
  Orcish Mines |   1613 |   1518 |     95 |    187 |    705 |   2 |  806.5 |
        Depths |     74 |     74 |      0 |      0 |     36 |   1 |   74.0 |
      Gauntlet |    438 |    438 |      0 |    107 |      0 |   1 |  438.0 |
               +--------+--------+--------+--------+--------+-----+--------+

Top non-repeatable levels by time:
    D:13: 1672 daAuts
  Lair:5: 1635 daAuts
  Lair:1: 1225 daAuts
     D:9: 1113 daAuts
  Lair:2: 1110 daAuts
    D:10: 1088 daAuts
    D:15: 1082 daAuts
    D:14: 1059 daAuts
     D:6: 1029 daAuts
     D:3: 940 daAuts
   Orc:2: 902 daAuts
  Lair:4: 895 daAuts
    D:11: 889 daAuts
  Lair:3: 862 daAuts
     D:1: 832 daAuts
